 Dungeon Crawl Stone Soup version 0.28.0-43-g3370ac3207 (webtiles) character file.

Game seed: 12639102496021683420

11 SineQuat the Grave Robber (level 2, -4/19 HPs)
             Began as a Human Necromancer on Mar 23, 2022.
             Killed from afar by a white imp (10 damage)
             ... with a puff of frost
             ... summoned by Natasha
             ... on level 2 of the Dungeon.
             The game lasted 00:05:56 (843 turns).

SineQuat the Grave Robber (Human Necromancer)        Turns: 843, Time: 00:05:56

Health: -4/19      AC:  2    Str:  8    XL:     2   Next: 40%
Magic:  5/5        EV: 12    Int: 15    God:
Gold:   7          SH:  0    Dex: 13    Spells: 3/5 levels left

rFire   . . .      SeeInvis .   d - +0 dagger
rCold   . . .      Faith    .   (no shield)
rNeg    . . .      Spirit   .   a - +0 robe
rPois   .          Reflect  .   (no helmet)
rElec   .          Harm     .   (no cloak)
rCorr   .          Rampage  .   (no gloves)
Will    .....                   (no boots)
Stlth   ++........              (no amulet)
HPRegen 0.06/turn               (no ring)
MPRegen 0.09/turn               (no ring)

@: no status effects
A: no striking features
a: no special abilities


You were on level 2 of the Dungeon.
You visited 1 branch of the dungeon, and saw 2 of its levels.

You collected 7 gold pieces.

Inventory:

Hand Weapons
 d - a +0 dagger (weapon)
Armour
 a - a +0 robe (worn)
Scrolls
 b - a scroll of identify {unknown}
 e - a scroll of enchant armour {unknown}
Potions
 c - a potion of degeneration {unknown}


   Skills:
 + Level 2.1 Dodging
 + Level 2.2 Stealth
 + Level 0.2 Unarmed Combat
 + Level 2.0 Spellcasting
 + Level 4.3 Necromancy


You had 3 spell levels left.
You knew the following spells:

 Your Spells              Type           Power      Damage    Failure   Level
a - Pain                  Necr           56%        1d6       3%          1
b - Animate Skeleton      Necr           28%        N/A       3%          1

Your spell library contained the following spells:

 Spells                   Type           Power      Damage    Failure   Level
 Vampiric Draining        Necr           14%        2d7       12%         3
 Animate Dead             Necr           7%         N/A       36%         4
 Agony                    Necr           14%        N/A       71%         5


Dungeon Overview and Level Annotations

Branches:
Dungeon (1/15)

Altars:

Shops:
D:1 (

Annotations:
D:2 Natasha


Message History

What are your orders? t - Shout!
Orders for allies: a - Attack new target. r - Retreat! s - Stop attacking. g - Guard the area. f - Follow me.
Anything else - Cancel.
Follow me!
Your bat skeleton crumbles into dust!
Your bat skeleton crumbles into dust!
Your bat skeleton crumbles into dust!
Found a stone staircase leading down.
There is a stone staircase leading down here.
You open the door.
A bat comes into view.
There is an open door here.
The helpless bat fails to defend itself.
You hit the bat.
You kill the bat!
No target in view!
Casting: Animate Skeleton (safe; 3% risk of failure)
Confirm with . or Enter, or press ? or * to list all spells.
There is nothing nearby to animate!
Natasha and a quokka come into view.
Natasha hisses angrily.
Natasha moves out of view.
Natasha mumbles some strange words.
Natasha casts a spell.
You hit the white imp but do no damage. You hit the white imp but do no damage.
The white imp hits you. The white imp freezes you.
You closely miss the white imp.
The white imp lashes its tail.
The white imp barely misses you.
The white imp hits you but does no damage.
The crimson imp blinks!
The white imp hits you. The white imp freezes you.
Natasha mumbles some strange words.
The white imp gestures at you. The puff of frost hits you!
Ouch! That really hurt!
You die...

#.....# .... ##.### #...
#..#.##..## #.# #... #.r5.....#
#.# #... ##.#####.# ##+## ###.
#ยง#####.# ##...## #. #..rh.5.#
##.....## ## #####5#.#
##.......## ##
.##########....###.........###.
..............@..'.........+<..
.##########....###.......>.....
##...# ##.......###.. #.###
##.....## #.. #.# ##...## #..
#.# ##+## #.. #.# #.. #.# #..
#.# ##.


You could see Natasha, a white imp (summoned), a shadow imp (summoned) and a
quokka.

Vanquished Creatures
  2 bats (D:2)
  A goblin (D:2)
  A kobold (D:1)
  A frilled lizard (D:1)
5 creatures vanquished.

Vanquished Creatures (collateral kills)
  A dart slug (D:1)
  A hobgoblin (D:1)
  2 bats (D:2)
4 creatures vanquished.

Grand Total: 9 creatures vanquished

Notes
Turn   | Place    | Note
-------+----------+-------------------------------------------
     0 | D:1      | SineQuat the Human Necromancer began the quest for the Orb.
     0 | D:1      | Reached XP level 1. HP: 13/13 MP: 3/3
   340 | D:1      | Learned a level 1 spell: Animate Skeleton
   357 | D:1      | Found Besong Hierr's Weapon Shoppe.
   468 | D:1      | Reached XP level 2. HP: 19/19 MP: 5/5
   473 | D:1      | You fall into a shaft and drop 1 floor!
   828 | D:2      | Noticed Natasha
   832 | D:2      | Noticed a crimson imp
   843 | D:2      | Killed from afar by a white imp

Illustrated notes

Levels and vault maps discovered:
D:1:      minmay_arrival_radiant_lines, layout_loops_ring, serial_shops,
          nicolae_shop_bloodbath_and_beyond, nicolae_shop_window_shopping, shop,
          nicolae_shop_trees, shop
D:2:      layout_loops_corners, hellmonk_ecumenical_altar_inner_sanctum,
          uniq_terence, uniq_natasha

Action                   || total
-------------------------++-------
Melee: Unarmed           ||    13
       Dagger            ||    35
 Cast: Animate Skeleton  ||     7
       Pain              ||     1
 Stab: Sleeping          ||     3
Armor: Robe              ||    26
Dodge: Dodged            ||    40
